 Dungeon Crawl Stone Soup version 0.23.0-3-gf3c87f2 (webtiles) character file.

Game seed: 1127932528070515673

558 Kairos the Shield-Bearer (level 7, -1/54 HPs)
             Began as a Demonspawn Fighter on Feb 22, 2019.
             Slain by a killer bee (6 damage)
             ... on level 4 of the Dungeon.
             The game lasted 00:05:44 (3909 turns).

Kairos the Shield-Bearer (Demonspawn Fighter)       Turns: 3909, Time: 00:05:45

Health: -1/54      AC: 12    Str: 18    XL:     7   Next: 9%
Magic:  0/7        EV:  8    Int: 10    God:
Gold:   283        SH:  9    Dex: 12    Spells: 6/6 levels left

rFire    . . .     SeeInvis .   a - +2 flail
rCold    . . .     Gourm    .   c - +0 shield
rNeg     . . .     Faith    .   y - +0 scale mail (curse)
rPois    .         Spirit   +   (helmet restricted)
rElec    .         Reflect  .   (no cloak)
rCorr    .         Harm     .   q - +0 pair of gloves
MR       .....                  h - +0 pair of boots
Stlth    ..........             r - amulet of guardian spirit
HPRegen  0.18/turn              s - +3 ring of protection (curse)
MPRegen  0.10/turn              w - ring of attention (curse)

@: no status effects
A: horns 2, demonic guardian 1, nightstalker 1
a: no special abilities


You were on level 4 of the Dungeon.
You were not hungry.

You visited 1 branch of the dungeon, and saw 5 of its levels.

You collected 283 gold pieces.

Inventory:

Hand Weapons
 a - a +2 flail (weapon)
Armour
 b - a +0 scale mail
 c - a +0 shield (worn)
 h - a +0 pair of boots (worn)
 i - a +0 chain mail
 q - a +0 pair of gloves (worn)
 y - a cursed +0 scale mail (worn)
Jewellery
 r - an amulet of guardian spirit (around neck)
 s - a cursed +3 ring of protection (left hand)
 w - a cursed ring of attention (right hand)
Wands
 o - a wand of flame (16)
 x - a wand of disintegration (11)
Scrolls
 e - a scroll of magic mapping
 g - 6 scrolls of identify
 k - a scroll of teleportation
 l - 2 scrolls of blinking
 p - a scroll of noise
 C - a scroll of remove curse {unknown}
Potions
 d - a potion of might
 m - a potion of lignification {unknown}
 t - 2 potions of invisibility {unknown}
 u - a potion of heal wounds {unknown}
 v - a potion of brilliance {unknown}
 z - 3 potions of haste {unknown}
 A - 2 potions of cancellation {unknown}
 B - a potion of magic {unknown}
Comestibles
 f - 11 rations


   Skills:
 + Level 4.2 Fighting
 + Level 4.1 Maces & Flails
 + Level 4.1 Armour
 + Level 1.2 Dodging
 + Level 0.3 Stealth
 + Level 4.4 Shields


You had 6 spell levels left.
You didn't know any spells.
Your spell library was empty.

Dungeon Overview and Level Annotations

Branches:
Dungeon (5/15)
 Temple: D:4-7

Altars:
Ashenzari
Cheibriados
Elyvilon
Hepliaklqana
Ru


Innate Abilities, Weirdness & Mutations

You have a pair of horns on your head.
A weak demonic guardian rushes to your aid.
You are slightly more attuned to the shadows.


Message History

The killer bee stings your iron imp!
Your iron imp dies!
The killer bee stings you but does no damage.
You block the killer bee's attack.
The killer bee stings you but does no damage.
You block the killer bee's attack.
You climb upwards.
Reactivating autopickup.
There is a stone staircase leading down here.
You hit the killer bee.
The killer bee is severely wounded.
The killer bee stings you!
* * * LOW HITPOINT WARNING * * *
You block the killer bee's attack. The killer bee barely misses you. x2
The killer bee stings you but does no damage.
You miss the killer bee.
The killer bee is severely wounded.
The killer bee stings you but does no damage.
The killer bee stings you!
You die...

#########.......# #.........###
#.......###............ #####
#######..).)...........
###...###########)##........._8_.
.............[..#.##.###.........
###...###.......).##.............
#...# #.........###############
#...# #.......y................
#...# #.......@).#######...####
#...# #.......y#.#............#
#...# ###...#....#..........#.#
##### ###.#.#..#.............
#.#....()).#.#.#.##.>
#.#.#..)(((..........
#.#.#######(.#.#.###.
#.#.#........#.#.# #.
#(#.#.####...#.#.# #.


You could see 2 killer bees.

Vanquished Creatures
  An ice beast (D:5)
  A scorpion (D:4)
  A killer bee (D:5)
  A crimson imp (D:5)
  An orc wizard (D:4)
  6 adders
  6 gnolls
  An ooze (D:2)
  An adder skeleton (D:4)
  2 dart slugs (D:2)
  A worm (D:2)
  A leopard gecko (D:2)
  9 orcs
  8 bats
  2 giant cockroaches
  4 goblins
  6 hobgoblins
  18 kobolds
  A quokka (D:4)
  3 frilled lizards
  A quokka skeleton (D:4)
  7 rats
82 creatures vanquished.

Vanquished Creatures (collateral kills)
  A phantom (D:4)
  A killer bee (D:5)
  2 orc priests
  A gnoll (D:4)
  2 adders (D:3)
  7 orcs
14 creatures vanquished.

Grand Total: 96 creatures vanquished

Notes
Turn   | Place    | Note
-------+----------+-------------------------------------------
     0 | D:1      | Kairos the Demonspawn Fighter began the quest for the Orb.
     0 | D:1      | Reached XP level 1. HP: 18/18 MP: 1/1
   267 | D:1      | Gained mutation: You are slightly more attuned to the
                  | shadows. [demonic ancestry]
   267 | D:1      | Reached XP level 2. HP: 24/24 MP: 2/2
   579 | D:2      | Gained mutation: You have a pair of small horns on your
                  | head. [demonic ancestry]
   579 | D:2      | Reached XP level 3. HP: 27/29 MP: 3/3
  1336 | D:2      | Found a shattered altar of Ashenzari.
  1340 | D:2      | Found a white marble altar of Elyvilon.
  1670 | D:3      | Gained mutation: A weak demonic guardian rushes to your
                  | aid. [demonic ancestry]
  1670 | D:3      | Reached XP level 4. HP: 35/35 MP: 4/4
  2127 | D:3      | Reached XP level 5. HP: 3/41 MP: 1/5
  2127 | D:3      | HP: 2/41 [poisoned by an adder]
  2745 | D:4      | Gained mutation: You have a pair of horns on your head.
                  | [demonic ancestry]
  2745 | D:4      | Reached XP level 6. HP: 24/48 MP: 3/6
  3532 | D:4      | Found a hazy altar of Hepliaklqana.
  3532 | D:4      | Found a sacrificial altar of Ru.
  3741 | D:5      | Entered Level 5 of the Dungeon
  3771 | D:5      | Noticed an ice beast
  3780 | D:5      | Killed an ice beast
  3818 | D:5      | Found a snail-covered altar of Cheibriados.
  3876 | D:5      | Reached XP level 7. HP: 44/54 MP: 7/7
  3900 | D:5      | Reached skill level 1 in Dodging
  3909 | D:4      | Slain by a killer bee

Skill      XL: |  1  2  3  4  5  6  7 |
---------------+----------------------+-----
Shields        | 3 4 |  4.4
Maces & Flails | 2 3 4 |  4.1
Armour         | 3 4 |  4.1
Fighting       | 4 |  4.2
Dodging        | 1 |  1.2
Stealth        | |  0.3

Action                   |  1- 3 |  4- 6 |  7- 9 || total
-------------------------+-------+-------+-------++-------
Melee: Flail             |   114 |   201 |     4 ||   319
       Headbutt          |     9 |    27 |       ||    36
  Use: Scroll            |       |     6 |     3 ||     9
       Potion            |       |     2 |       ||     2
  Eat: Chunk             |     2 |     8 |       ||    10
Armor: Scale mail        |     5 |    37 |    20 ||    62
       Chain mail        |    59 |   116 |       ||   175
Dodge: Dodged            |    23 |    48 |     6 ||    77
Block: Shield            |    66 |   121 |    24 ||   211
